Islanders vs Golden Knights
Created - November 10, 2022 at 19:23
Goals
|
| Islanders |
0 |
1 |
0 |
0 |
0 |
1 |
| Golden Knights |
0 |
1 |
0 |
0 |
1 |
2 |
|
Shots
|
| Islanders |
11 |
10 |
14 |
0 |
3 |
35 |
| Golden Knights |
11 |
16 |
10 |
3 |
2 |
40 |
|
1st period
No Goal
Penalties :
Andrew Shaw (NyI) for Hooking (Minor) at 12:40, Andrew Shaw (NyI) for Cross-checking (Minor) at 14:49
2nd period
1. Golden Knights , Sebastian Aho 1 (Jake Guentzel 3, Danny DeKeiser 2) at 15:34
2. Islanders , Craig Smith 2 (Ryan Hartman 1) at 16:32
Penalties :
Alexander Radulov (Veg) for Hooking (Minor) at 3:48, Andrew Cogliano (Veg) for Hooking (Minor) at 9:58, Alexander Radulov (Veg) for Hooking (Minor) at 16:40, Connor Murphy (NyI) for Slashing (Minor) at 19:06
3rd period
No Goal
Penalties :
Brock McGinn (NyI) for Roughing (Minor) at 8:20, Alexander Radulov (Veg) for Hooking (Minor) at 12:22, Alexander Radulov (Veg) for Hooking (Minor) at 16:00
Overtime #1
No Goal
Penalties :
No Penalty
Shootout
Islanders, Vladimir Tarasenko - Shot Misses the Net
Golden Knights, Jake Guentzel - Stopped by Cam Ward
Islanders, Rick Nash - Stopped by Ondrej Pavelec
Golden Knights, Andrei Loktionov - Goal!
Islanders, Kellan Lain - Stopped by Ondrej Pavelec
Penalties :
No Penalty
Goalie Stats
Cam Ward (NyI), 39 saves from 40 shots - (0.975), OTL, 0-0-2, 65:00 minutes
Ondrej Pavelec (Veg), 34 saves from 35 shots - (0.971), W, 3-1-0, 65:00 minutes
Players Stats for Islanders
Player Name G A P +/- PIM S H SB GA TA FO MP PP MP PK MP
------------------------------------------------------------------------------------
Andrew Shaw 0 0 0 0 4 2 2 0 0 0 0/0 12:06 0:00 0:00
Brenden Dillon 0 0 0 -1 0 0 1 0 0 0 0/0 10:33 0:00 0:00
Brock McGinn 0 0 0 0 2 4 1 1 1 0 1/2 19:22 3:57 2:08
Connor Murphy 0 0 0 -1 2 0 0 0 0 0 0/0 10:43 0:00 0:00
Craig Smith 1 0 1 1 0 1 1 1 0 0 0/0 6:22 0:00 0:00
Emerson Etem 0 0 0 1 0 1 0 1 0 0 0/0 8:15 0:00 1:20
Frans Nielsen 0 0 0 -1 0 3 1 0 0 0 18/37 25:33 5:58 4:24
Kellan Lain 0 0 0 -1 0 0 1 0 0 0 0/1 25:23 5:55 4:23
Melker Karlsson 0 0 0 0 0 1 2 0 0 1 5/19 19:31 3:57 3:09
Nikita Zadorov 0 0 0 1 0 0 0 3 0 1 0/0 21:56 4:45 3:27
Pierre-Edouard Bellemare 0 0 0 0 0 3 0 0 0 0 3/8 11:34 0:00 0:00
Rick Nash 0 0 0 0 0 1 1 0 0 0 0/0 14:23 3:57 0:00
Ryan Ellis 0 0 0 0 0 5 1 1 0 2 0/0 32:31 5:10 4:29
Ryan Hartman 0 1 1 1 0 1 1 0 0 0 1/3 7:37 0:00 0:23
Sergei Plotnikov 0 0 0 0 0 6 0 0 1 0 0/1 13:29 0:03 0:05
Vladimir Tarasenko 0 0 0 -1 0 5 0 0 2 1 0/1 18:15 5:58 0:00
Wes O'Neill 0 0 0 1 0 1 3 3 1 2 0/0 21:56 4:45 3:27
Yann Sauvé 0 0 0 0 0 1 4 2 2 1 0/0 32:31 5:10 4:29
Players Stats for Golden Knights
Player Name G A P +/- PIM S H SB GA TA FO MP PP MP PK MP
------------------------------------------------------------------------------------
Alexander Radulov 0 0 0 1 8 3 1 0 0 0 0/0 17:49 3:11 0:00
Alexandre Grenier 0 0 0 0 0 1 1 0 0 0 0/0 9:48 0:01 0:00
Andrei Loktionov 0 0 0 0 0 4 2 1 1 1 9/14 22:45 4:44 6:00
Andrew Cogliano 0 0 0 -1 2 2 1 0 1 0 0/1 18:52 3:11 2:51
Danny DeKeiser 0 1 1 1 0 2 2 1 1 0 0/0 23:44 3:41 3:43
Jake Guentzel 0 1 1 1 0 4 2 0 2 0 12/17 27:07 4:35 5:59
Jamie Oleksiak 0 0 0 0 0 0 1 0 0 0 0/0 10:37 0:00 0:00
Kyle Rau 0 0 0 0 0 0 1 0 0 0 1/2 9:48 0:00 2:30
Lawson Crouse 0 0 0 0 0 2 2 0 2 1 0/0 6:57 0:00 0:17
Luke Glendening 0 0 0 -1 0 2 1 1 0 0 0/1 15:34 4:44 0:00
Mathew Dumba 0 0 0 -1 0 3 0 0 0 0 0/0 29:50 4:15 6:12
Olli Maatta 0 0 0 0 0 0 0 0 0 0 0/0 11:36 0:00 0:00
Ryan O'Reilly 0 0 0 -1 0 6 5 0 1 0 12/16 17:50 3:11 2:13
Sebastian Aho 1 0 1 1 0 4 1 0 0 0 9/19 14:05 0:00 0:00
Thomas Vanek 0 0 0 0 0 1 4 0 0 0 1/2 11:20 0:10 0:00
Tom Wilson 0 0 0 0 0 0 0 0 0 1 0/0 8:05 0:01 0:00
Vladimir Mihalik 0 0 0 1 0 2 0 1 0 1 0/0 23:44 3:41 3:43
Zach Bogosian 0 0 0 -1 0 4 1 2 0 3 0/0 30:29 4:15 6:12
3 Stars
1 - Cam Ward (NyI)
2 - Ondrej Pavelec (Veg)
3 - Sebastian Aho (Veg)
Power Play
Islanders - 0 on 5 Attempt(s) - 0.00%
Golden Knights - 0 on 4 Attempt(s) - 0.00%
Penalty Kill
Islanders - 4 on 4 Attempt(s) - 100.00%
- Score 0 goal in Penalty Kill
Golden Knights - 5 on 5 Attempt(s) - 100.00%
- Score 0 goal in Penalty Kill
Team Stat
Islanders - Hits : 19 - Faceoff Wins : 28 - Blocked Shots : 12 - Penalty Minutes : 8
Golden Knights - Hits : 25 - Faceoff Wins : 44 - Blocked Shots : 6 - Penalty Minutes : 10
Official
Referees : Dan O'Rourke and Brandon Schrader
Linesman : Tyson Baker and Brian Mach
Game Notes
No Game Note
Finance
Level 1 -- Attendance: 6000 (100.00%) -- Ticket Income $600,000
Level 2 -- Attendance: 4593 (91.86%) -- Ticket Income $275,580
Level 3 -- Attendance: 2000 (100.00%) -- Ticket Income $70,000
Level 4 -- Attendance: 3699 (92.48%) -- Ticket Income $92,475
Luxury Box -- Attendance: 957 (95.70%) -- Ticket Income $191,400
Game was played at the T-Mobile Arena.
Total Attendance: 17249 (95.83%)
Total Ticket Income: $1,229,455
Other Income: $184,418
Total Income: $1,413,873
Islanders
5 vs 5 Forward
Center Left Wing Right Wing Time % Phy DF OF
1 Frans Nielsen Kellan Lain Vladimir Tarasenko 40 1 2 2
2 Melker Karlsson Brock McGinn Rick Nash 30 1 2 2
3 Pierre-Edouard Bellemare Sergei Plotnikov Andrew Shaw 20 1 2 2
4 Ryan Hartman Emerson Etem Craig Smith 10 1 2 2
5 vs 5 Defense
Defense Defense Time % Phy DF OF
1 Ryan Ellis Yann Sauvé 40 1 2 2
2 Wes O'Neill Nikita Zadorov 30 1 2 2
3 Brenden Dillon Connor Murphy 20 1 2 2
4 Ryan Ellis Yann Sauvé 10 1 2 2
PowerPlay Forward
Center Left Wing Right Wing Time % Phy DF OF
1 Frans Nielsen Kellan Lain Vladimir Tarasenko 60 1 2 2
2 Melker Karlsson Brock McGinn Rick Nash 40 1 2 2
PowerPlay Defense
Defense Defense Time % Phy DF OF
1 Ryan Ellis Yann Sauvé 60 1 2 2
2 Wes O'Neill Nikita Zadorov 40 1 2 2
Penalty Kill 4 Players Forward
Center Wing Time % Phy DF OF
1 Frans Nielsen Kellan Lain 60 1 2 2
2 Melker Karlsson Brock McGinn 40 1 2 2
Penalty Kill 4 Players Defense
Defense Defense Time % Phy DF OF
1 Ryan Ellis Yann Sauvé 60 1 2 2
2 Wes O'Neill Nikita Zadorov 40 1 2 2
Penalty Kill - 3 Players Forward
Forward Time % Phy DF OF
1 Frans Nielsen 60 1 2 2
2 Melker Karlsson 40 1 2 2
Penalty Kill - 3 Players Defense
Defense Defense Time % Phy DF OF
1 Ryan Ellis Yann Sauvé 60 1 2 2
2 Wes O'Neill Nikita Zadorov 40 1 2 2
4 vs 4 Forward
Center Wing Time % Phy DF OF
1 Frans Nielsen Kellan Lain 60 1 2 2
2 Melker Karlsson Brock McGinn 40 1 2 2
4 vs 4 Defense
Defense Defense Time % Phy DF OF
1 Ryan Ellis Yann Sauvé 60 1 2 2
2 Wes O'Neill Nikita Zadorov 40 1 2 2
Last Minutes Offensive
Center Left Wing Right Wing Defense Defense
Frans Nielsen Kellan Lain Vladimir Tarasenko Ryan Ellis Yann Sauvé
Last Minutes Defensive
Center Left Wing Right Wing Defense Defense
Frans Nielsen Kellan Lain Vladimir Tarasenko Ryan Ellis Yann Sauvé
Goaltenders
Starting : Cam Ward
Backup : Marc-André Fleury
Extra Forwards
Normal : Brock McGinn, Sergei Plotnikov, Melker Karlsson - PP : Brock McGinn, Sergei Plotnikov - PK : Brock McGinn
Extra Defensemen
Normal : Nikita Zadorov, Brenden Dillon, Connor Murphy - PP : Nikita Zadorov - PK : Nikita Zadorov, Brenden Dillon
Penalty Shots
Vladimir Tarasenko, Rick Nash, Kellan Lain, Frans Nielsen, Brock McGinn
Scratches
Carl Klingberg (Healthy), Justin Falk (Healthy), Michael Latta (Back Injury)
Golden Knights
5 vs 5 Forward
Center Left Wing Right Wing Time % Phy DF OF
1 Sebastian Aho Jake Guentzel Alexander Radulov 40 1 2 2
2 Ryan O'Reilly Andrew Cogliano Luke Glendening 30 1 2 2
3 Andrei Loktionov Thomas Vanek Alexandre Grenier 20 1 2 2
4 Kyle Rau Lawson Crouse Tom Wilson 10 1 2 2
5 vs 5 Defense
Defense Defense Time % Phy DF OF
1 Zach Bogosian Mathew Dumba 40 1 2 2
2 Danny DeKeiser Vladimir Mihalik 30 1 2 2
3 Olli Maatta Jamie Oleksiak 20 1 2 2
4 Zach Bogosian Mathew Dumba 10 1 2 2
PowerPlay Forward
Center Left Wing Right Wing Time % Phy DF OF
1 Andrei Loktionov Jake Guentzel Luke Glendening 60 1 2 2
2 Ryan O'Reilly Andrew Cogliano Alexander Radulov 40 1 2 2
PowerPlay Defense
Defense Defense Time % Phy DF OF
1 Zach Bogosian Mathew Dumba 60 1 2 2
2 Danny DeKeiser Vladimir Mihalik 40 1 2 2
Penalty Kill 4 Players Forward
Center Wing Time % Phy DF OF
1 Jake Guentzel Andrei Loktionov 60 1 2 2
2 Ryan O'Reilly Andrew Cogliano 40 1 2 2
Penalty Kill 4 Players Defense
Defense Defense Time % Phy DF OF
1 Zach Bogosian Mathew Dumba 60 1 2 2
2 Danny DeKeiser Vladimir Mihalik 40 1 2 2
Penalty Kill - 3 Players Forward
Forward Time % Phy DF OF
1 Jake Guentzel 60 1 2 2
2 Andrei Loktionov 40 1 2 2
Penalty Kill - 3 Players Defense
Defense Defense Time % Phy DF OF
1 Zach Bogosian Mathew Dumba 60 1 2 2
2 Danny DeKeiser Vladimir Mihalik 40 1 2 2
4 vs 4 Forward
Center Wing Time % Phy DF OF
1 Jake Guentzel Andrei Loktionov 60 1 2 2
2 Ryan O'Reilly Andrew Cogliano 40 1 2 2
4 vs 4 Defense
Defense Defense Time % Phy DF OF
1 Zach Bogosian Mathew Dumba 60 1 2 2
2 Danny DeKeiser Vladimir Mihalik 40 1 2 2
Last Minutes Offensive
Center Left Wing Right Wing Defense Defense
Andrei Loktionov Jake Guentzel Luke Glendening Zach Bogosian Mathew Dumba
Last Minutes Defensive
Center Left Wing Right Wing Defense Defense
Andrei Loktionov Jake Guentzel Luke Glendening Zach Bogosian Mathew Dumba
Goaltenders
Starting : Ondrej Pavelec
Backup : Laurent Brossoit
Extra Forwards
Normal : Thomas Vanek, Tom Wilson, Kyle Rau - PP : Thomas Vanek, Tom Wilson - PK : Kyle Rau
Extra Defensemen
Normal : Olli Maatta, Jamie Oleksiak, Danny DeKeiser - PP : Olli Maatta - PK : Jamie Oleksiak, Danny DeKeiser
Penalty Shots
Jake Guentzel, Andrei Loktionov, Ryan O'Reilly, Andrew Cogliano, Luke Glendening
Scratches
Max Reinhart (Healthy), Michael Raffl (Healthy)
% Time on Ice - Islanders
Lines # - Real PCT - Wanted PCT - Time Play
Normal Forward
1 - 33% - 40% - 13:47
2 - 25% - 30% - 10:26
3 - 27% - 20% - 11:34
4 - 15% - 10% - 6:22
Normal Defense
1 - 43% - 40% - 18:14
2 - 28% - 30% - 11:54
3 - 23% - 20% - 9:52
4 - 5% - 10% - 2:09
PP Forward
1 - 60% - 60% - 5:58
2 - 40% - 40% - 3:57
PP Defense
1 - 52% - 60% - 5:10
2 - 48% - 40% - 4:45
PK Forward
1 - 72% - 60% - 5:41
2 - 28% - 40% - 2:15
PK Defense
1 - 57% - 60% - 4:29
2 - 43% - 40% - 3:27
PK3 Forward
1 - 0% - 60%
2 - 0% - 40%
PK3 Defense
1 - 0% - 60%
2 - 0% - 40%
44 Forward
1 - 89% - 60% - 4:27
2 - 11% - 40% - 0:33
44 Defense
1 - 63% - 60% - 3:10
2 - 37% - 40% - 1:50
Last Minute Offensive - 0:00
Last Minute Defensive - 0:00
Total
Forward - 65:00
Defense - 65:00
|
% Time on Ice - Golden Knights
Lines # - Real PCT - Wanted PCT - Time Play
Normal Forward
1 - 35% - 40% - 14:55
2 - 26% - 30% - 11:05
3 - 22% - 20% - 9:29
4 - 16% - 10% - 6:40
Normal Defense
1 - 36% - 40% - 15:18
2 - 35% - 30% - 14:39
3 - 25% - 20% - 10:37
4 - 4% - 10% - 1:35
PP Forward
1 - 60% - 60% - 4:45
2 - 40% - 40% - 3:11
PP Defense
1 - 54% - 60% - 4:15
2 - 46% - 40% - 3:41
PK Forward
1 - 78% - 60% - 7:42
2 - 22% - 40% - 2:13
PK Defense
1 - 63% - 60% - 6:12
2 - 37% - 40% - 3:43
PK3 Forward
1 - 0% - 60%
2 - 0% - 40%
PK3 Defense
1 - 0% - 60%
2 - 0% - 40%
44 Forward
1 - 73% - 60% - 3:39
2 - 27% - 40% - 1:21
44 Defense
1 - 66% - 60% - 3:19
2 - 34% - 40% - 1:41
Last Minute Offensive - 0:00
Last Minute Defensive - 0:00
Total
Forward - 65:00
Defense - 65:00
|
Play-by-Play
1st period
0:01 of 1st period - Frans Nielsen wins face-off versus Sebastian Aho in neutral zone.
0:12 of 1st period - Wrist shot by Vladimir Tarasenko.
0:12 of 1st period - Shot Misses the Net.
0:14 of 1st period - Slapshot by Yann Sauvé.
0:14 of 1st period - Stopped by Ondrej Pavelec without a rebound.
0:15 of 1st period - Melker Karlsson wins face-off versus Luke Glendening in Golden Knights zone.
0:24 of 1st period - Snap shot by Rick Nash.
0:24 of 1st period - Deflect By Brock McGinn.
0:24 of 1st period - Stopped by Ondrej Pavelec without a rebound.
0:25 of 1st period - Ryan O'Reilly wins face-off versus Melker Karlsson in Golden Knights zone.
0:32 of 1st period - Wrist shot by Brock McGinn.
0:32 of 1st period - Stopped by Ondrej Pavelec without a rebound.
0:33 of 1st period - Andrei Loktionov wins face-off versus Pierre-Edouard Bellemare in Golden Knights zone.
1:00 of 1st period - Sebastian Aho is hit by Craig Smith and loses puck.
1:15 of 1st period - Ryan Ellis is hit by Jamie Oleksiak.
1:25 of 1st period - Wrist shot by Vladimir Tarasenko.
1:25 of 1st period - Shot Misses the Net.
2:07 of 1st period - Snap shot by Zach Bogosian.
2:07 of 1st period - Shot Misses the Net.
2:09 of 1st period - Slapshot by Zach Bogosian.
2:09 of 1st period - Stopped by Cam Ward without a rebound.
2:10 of 1st period - Pierre-Edouard Bellemare wins face-off versus Andrei Loktionov in Islanders zone.
2:10 of 1st period - Pierre-Edouard Bellemare is hit by Thomas Vanek.
2:13 of 1st period - Icing by Ryan Ellis.
2:14 of 1st period - Pierre-Edouard Bellemare wins face-off versus Sebastian Aho in Islanders zone.
2:23 of 1st period - Snap shot by Jake Guentzel.
2:23 of 1st period - Stopped by Cam Ward with a rebound.
3:05 of 1st period - Wrist shot by Sebastian Aho.
3:05 of 1st period - Stopped by Cam Ward with a rebound.
3:13 of 1st period - Wrist shot by Sergei Plotnikov.
3:13 of 1st period - Stopped by Ondrej Pavelec with a rebound.
3:17 of 1st period - Wrist shot by Sergei Plotnikov.
3:17 of 1st period - Deflect By Pierre-Edouard Bellemare.
3:17 of 1st period - Stopped by Ondrej Pavelec without a rebound.
3:18 of 1st period - Ryan O'Reilly wins face-off versus Frans Nielsen in Golden Knights zone.
3:31 of 1st period - Snap shot by Vladimir Tarasenko.
3:31 of 1st period - Stopped by Ondrej Pavelec without a rebound.
3:32 of 1st period - Ryan O'Reilly wins face-off versus Frans Nielsen in Golden Knights zone.
3:51 of 1st period - Danny DeKeiser is hit by Wes O'Neill and loses puck.
4:28 of 1st period - Snap shot by Lawson Crouse.
4:28 of 1st period - Shot Misses the Net.
4:30 of 1st period - Slapshot by Lawson Crouse.
4:30 of 1st period - Stopped by Cam Ward without a rebound.
4:31 of 1st period - Sebastian Aho wins face-off versus Frans Nielsen in Islanders zone.
4:42 of 1st period - Zach Bogosian is hit by Frans Nielsen and loses puck.
4:57 of 1st period - Yann Sauvé is hit by Ryan O'Reilly.
5:03 of 1st period - Slapshot by Rick Nash.
5:03 of 1st period - Stopped by Ondrej Pavelec without a rebound.
5:04 of 1st period - Ryan O'Reilly wins face-off versus Melker Karlsson in Golden Knights zone.
5:11 of 1st period - Wrist shot by Andrew Cogliano.
5:11 of 1st period - Stopped by Cam Ward with a rebound.
6:04 of 1st period - Off-side.
6:05 of 1st period - Frans Nielsen wins face-off versus Kyle Rau in neutral zone.
6:58 of 1st period - Alexander Radulov is hit by Yann Sauvé.
7:04 of 1st period - Snap shot by Rick Nash.
7:04 of 1st period - Shot Blocked by Vladimir Mihalik.
7:06 of 1st period - Slapshot by Ryan Ellis.
7:06 of 1st period - Stopped by Ondrej Pavelec with a rebound.
7:08 of 1st period - Slapshot by Ryan Ellis.
7:08 of 1st period - Shot Misses the Net.
7:38 of 1st period - Kyle Rau is hit by Andrew Shaw and loses puck.
7:59 of 1st period - Zach Bogosian is hit by Brenden Dillon and loses puck.
8:04 of 1st period - Snap shot by Melker Karlsson.
8:04 of 1st period - Shot Misses the Net.
8:16 of 1st period - Wrist shot by Jake Guentzel.
8:16 of 1st period - Shot Misses the Net.
8:56 of 1st period - Frans Nielsen is hit by Andrei Loktionov and loses puck.
9:21 of 1st period - Snap shot by Melker Karlsson.
9:21 of 1st period - Stopped by Ondrej Pavelec with a rebound.
9:37 of 1st period - Slapshot by Andrew Cogliano.
9:37 of 1st period - Deflect By Luke Glendening.
9:37 of 1st period - Shot Misses the Net.
9:37 of 1st period - Puck is out of play.
9:38 of 1st period - Ryan O'Reilly wins face-off versus Ryan Hartman in Islanders zone.
9:53 of 1st period - Luke Glendening is hit by Yann Sauvé.
10:02 of 1st period - Icing by Ryan Ellis.
10:03 of 1st period - Andrei Loktionov wins face-off versus Pierre-Edouard Bellemare in Islanders zone.
10:20 of 1st period - Andrei Loktionov is hit by Andrew Shaw and loses puck.
11:00 of 1st period - Snap shot by Andrew Shaw.
11:00 of 1st period - Stopped by Ondrej Pavelec with a rebound.
11:02 of 1st period - Wrist shot by Pierre-Edouard Bellemare.
11:02 of 1st period - Deflect By Sergei Plotnikov.
11:02 of 1st period - Stopped by Ondrej Pavelec without a rebound.
11:03 of 1st period - Sebastian Aho wins face-off versus Frans Nielsen in Golden Knights zone.
11:30 of 1st period - Melker Karlsson is hit by Ryan O'Reilly.
11:38 of 1st period - Snap shot by Ryan O'Reilly.
11:38 of 1st period - Stopped by Cam Ward with a rebound.
11:40 of 1st period - Slapshot by Andrew Cogliano.
11:40 of 1st period - Stopped by Cam Ward with a rebound.
11:42 of 1st period - Snap shot by Andrew Cogliano.
11:42 of 1st period - Shot Blocked by Yann Sauvé.
11:54 of 1st period - Wrist shot by Brock McGinn.
11:54 of 1st period - Shot Misses the Net.
12:40 of 1st period - Minor Penalty to Andrew Shaw for Hooking.
12:41 of 1st period - Jake Guentzel wins face-off versus Frans Nielsen in Islanders zone.
12:48 of 1st period - Snap shot by Andrei Loktionov.
12:48 of 1st period - Shot Blocked by Nikita Zadorov.
13:27 of 1st period - Snap shot by Jake Guentzel.
13:27 of 1st period - Deflect By Luke Glendening.
13:27 of 1st period - Shot Blocked by Nikita Zadorov.
13:27 of 1st period - Puck is out of play.
13:28 of 1st period - Ryan O'Reilly wins face-off versus Melker Karlsson in Islanders zone.
13:33 of 1st period - Wrist shot by Ryan O'Reilly.
13:33 of 1st period - Stopped by Cam Ward without a rebound.
13:34 of 1st period - Ryan O'Reilly wins face-off versus Melker Karlsson in Islanders zone.
14:06 of 1st period - Off-side.
14:07 of 1st period - Andrei Loktionov wins face-off versus Melker Karlsson in neutral zone.
14:22 of 1st period - Frans Nielsen is hit by Andrei Loktionov and loses puck.
14:40 of 1st period - Penalty to Andrew Shaw is over, Andrew Shaw is back on ice.
14:49 of 1st period - Minor Penalty to Andrew Shaw for Cross-checking.
14:50 of 1st period - Andrei Loktionov wins face-off versus Melker Karlsson in Islanders zone.
15:32 of 1st period - Nikita Zadorov is hit by Luke Glendening and loses puck.
16:49 of 1st period - Penalty to Andrew Shaw is over, Andrew Shaw is back on ice.
18:02 of 1st period - Wrist shot by Vladimir Tarasenko.
18:02 of 1st period - Shot Misses the Net.
19:21 of 1st period - Wrist shot by Thomas Vanek.
19:21 of 1st period - Stopped by Cam Ward with a rebound.
19:23 of 1st period - Slapshot by Sebastian Aho.
19:23 of 1st period - Stopped by Cam Ward with a rebound.
19:25 of 1st period - Slapshot by Jake Guentzel.
19:25 of 1st period - Stopped by Cam Ward with a rebound.
19:55 of 1st period - Rick Nash is hit by Lawson Crouse and loses puck.
Goals for this period are 0 for Islanders vs 0 for Golden Knights.
Shots for this period are 11 for Islanders vs 11 for Golden Knights.
2nd period
0:01 of 2nd period - Sebastian Aho wins face-off versus Frans Nielsen in neutral zone.
0:04 of 2nd period - Vladimir Tarasenko is hit by Jake Guentzel and loses puck.
0:26 of 2nd period - Melker Karlsson is hit by Ryan O'Reilly and loses puck.
0:49 of 2nd period - Icing by Yann Sauvé.
0:50 of 2nd period - Andrei Loktionov wins face-off versus Melker Karlsson in Islanders zone.
0:53 of 2nd period - Wrist shot by Alexander Radulov.
0:53 of 2nd period - Shot Blocked by Yann Sauvé.
1:17 of 2nd period - Yann Sauvé is hit by Alexandre Grenier and loses puck.
1:44 of 2nd period - Ryan Ellis is hit by Ryan O'Reilly and loses puck.
2:25 of 2nd period - Snap shot by Jake Guentzel.
2:25 of 2nd period - Stopped by Cam Ward with a rebound.
2:27 of 2nd period - Snap shot by Zach Bogosian.
2:27 of 2nd period - Stopped by Cam Ward with a rebound.
2:29 of 2nd period - Snap shot by Alexander Radulov.
2:29 of 2nd period - Shot Blocked by Ryan Ellis.
2:31 of 2nd period - Wrist shot by Mathew Dumba.
2:31 of 2nd period - Stopped by Cam Ward with a rebound.
2:33 of 2nd period - Slapshot by Mathew Dumba.
2:33 of 2nd period - Stopped by Cam Ward with a rebound.
3:01 of 2nd period - Wrist shot by Andrew Cogliano.
3:01 of 2nd period - Shot Blocked by Wes O'Neill.
3:27 of 2nd period - Slapshot by Ryan Hartman.
3:27 of 2nd period - Shot Misses the Net.
3:31 of 2nd period - Snap shot by Ryan Hartman.
3:31 of 2nd period - Deflect By Emerson Etem.
3:31 of 2nd period - Shot Misses the Net.
3:31 of 2nd period - Puck is out of play.
3:32 of 2nd period - Frans Nielsen wins face-off versus Sebastian Aho in Golden Knights zone.
3:41 of 2nd period - Snap shot by Vladimir Tarasenko.
3:41 of 2nd period - Stopped by Ondrej Pavelec without a rebound.
3:42 of 2nd period - Frans Nielsen wins face-off versus Sebastian Aho in Golden Knights zone.
3:48 of 2nd period - Minor Penalty to Alexander Radulov for Hooking.
3:49 of 2nd period - Jake Guentzel wins face-off versus Frans Nielsen in Golden Knights zone.
3:53 of 2nd period - Slapshot by Zach Bogosian.
3:53 of 2nd period - Stopped by Cam Ward with a rebound.
3:55 of 2nd period - Slapshot by Andrei Loktionov.
3:55 of 2nd period - Shot Blocked by Wes O'Neill.
3:57 of 2nd period - Slapshot by Zach Bogosian.
3:57 of 2nd period - Deflect By Jake Guentzel.
3:57 of 2nd period - Shot Misses the Net.
3:57 of 2nd period - Puck is out of play.
3:58 of 2nd period - Jake Guentzel wins face-off versus Frans Nielsen in Islanders zone.
3:59 of 2nd period - Slapshot by Zach Bogosian.
3:59 of 2nd period - Deflect By Jake Guentzel.
3:59 of 2nd period - Stopped by Cam Ward with a rebound.
4:11 of 2nd period - Wrist shot by Andrei Loktionov.
4:11 of 2nd period - Stopped by Cam Ward with a rebound.
4:13 of 2nd period - Slapshot by Jake Guentzel.
4:13 of 2nd period - Shot Misses the Net.
4:49 of 2nd period - Snap shot by Vladimir Tarasenko.
4:49 of 2nd period - Shot Misses the Net.
4:51 of 2nd period - Slapshot by Nikita Zadorov.
4:51 of 2nd period - Deflect By Kellan Lain.
4:51 of 2nd period - Shot Misses the Net.
4:51 of 2nd period - Puck is out of play.
4:52 of 2nd period - Ryan O'Reilly wins face-off versus Melker Karlsson in Golden Knights zone.
5:18 of 2nd period - Ryan Ellis is hit by Kyle Rau and loses puck.
5:48 of 2nd period - Penalty to Alexander Radulov is over, Alexander Radulov is back on ice.
5:58 of 2nd period - Off-side.
5:59 of 2nd period - Sebastian Aho wins face-off versus Ryan Hartman in neutral zone.
6:04 of 2nd period - Snap shot by Sebastian Aho.
6:04 of 2nd period - Shot Misses the Net.
6:06 of 2nd period - Snap shot by Sebastian Aho.
6:06 of 2nd period - Shot Blocked by Wes O'Neill.
6:22 of 2nd period - Slapshot by Mathew Dumba.
6:22 of 2nd period - Deflect By Alexandre Grenier.
6:22 of 2nd period - Shot Misses the Net.
6:22 of 2nd period - Puck is out of play.
6:23 of 2nd period - Andrei Loktionov wins face-off versus Pierre-Edouard Bellemare in Islanders zone.
6:38 of 2nd period - Snap shot by Andrew Shaw.
6:38 of 2nd period - Shot Blocked by Danny DeKeiser.
6:40 of 2nd period - Snap shot by Pierre-Edouard Bellemare.
6:40 of 2nd period - Stopped by Ondrej Pavelec without a rebound.
6:41 of 2nd period - Frans Nielsen wins face-off versus Jake Guentzel in Golden Knights zone.
6:56 of 2nd period - Snap shot by Vladimir Tarasenko.
6:56 of 2nd period - Shot Misses the Net.
6:58 of 2nd period - Slapshot by Vladimir Tarasenko.
6:58 of 2nd period - Shot Misses the Net.
7:17 of 2nd period - Slapshot by Ryan O'Reilly.
7:17 of 2nd period - Shot Misses the Net.
7:51 of 2nd period - Snap shot by Alexander Radulov.
7:51 of 2nd period - Shot Blocked by Craig Smith.
8:36 of 2nd period - Snap shot by Vladimir Tarasenko.
8:36 of 2nd period - Stopped by Ondrej Pavelec without a rebound.
8:37 of 2nd period - Sebastian Aho wins face-off versus Melker Karlsson in Golden Knights zone.
8:50 of 2nd period - Snap shot by Alexander Radulov.
8:50 of 2nd period - Stopped by Cam Ward without a rebound.
8:51 of 2nd period - Sebastian Aho wins face-off versus Frans Nielsen in Islanders zone.
8:58 of 2nd period - Backhand shot by Frans Nielsen.
8:58 of 2nd period - Stopped by Ondrej Pavelec without a rebound.
8:59 of 2nd period - Frans Nielsen wins face-off versus Sebastian Aho in Golden Knights zone.
9:16 of 2nd period - Vladimir Tarasenko is hit by Alexander Radulov.
9:34 of 2nd period - Backhand shot by Alexander Radulov.
9:34 of 2nd period - Stopped by Cam Ward with a rebound.
9:36 of 2nd period - Snap shot by Sebastian Aho.
9:36 of 2nd period - Deflect By Alexander Radulov.
9:36 of 2nd period - Shot Hit the Post.
9:36 of 2nd period - Puck is out of play.
9:37 of 2nd period - Brock McGinn wins face-off versus Andrew Cogliano in Islanders zone.
9:58 of 2nd period - Minor Penalty to Andrew Cogliano for Hooking.
9:59 of 2nd period - Jake Guentzel wins face-off versus Frans Nielsen in Golden Knights zone.
10:03 of 2nd period - Off-side.
10:04 of 2nd period - Jake Guentzel wins face-off versus Frans Nielsen in neutral zone.
10:21 of 2nd period - Snap shot by Vladimir Tarasenko.
10:21 of 2nd period - Shot Blocked by Zach Bogosian.
10:34 of 2nd period - Icing by Ryan Ellis.
10:35 of 2nd period - Jake Guentzel wins face-off versus Melker Karlsson in Islanders zone.
10:52 of 2nd period - Kyle Rau is hit by Yann Sauvé and loses puck.
11:15 of 2nd period - Slapshot by Vladimir Mihalik.
11:15 of 2nd period - Stopped by Cam Ward without a rebound.
11:16 of 2nd period - Frans Nielsen wins face-off versus Ryan O'Reilly in Islanders zone.
11:58 of 2nd period - Penalty to Andrew Cogliano is over, Andrew Cogliano is back on ice.
12:26 of 2nd period - Slapshot by Ryan Hartman.
12:26 of 2nd period - Stopped by Ondrej Pavelec with a rebound.
13:32 of 2nd period - Snap shot by Sergei Plotnikov.
13:32 of 2nd period - Stopped by Ondrej Pavelec with a rebound.
14:12 of 2nd period - Wrist shot by Ryan O'Reilly.
14:12 of 2nd period - Stopped by Cam Ward with a rebound.
14:14 of 2nd period - Slapshot by Mathew Dumba.
14:14 of 2nd period - Shot Hit the Post.
14:16 of 2nd period - Slapshot by Zach Bogosian.
14:16 of 2nd period - Shot Blocked by Nikita Zadorov.
14:18 of 2nd period - Wrist shot by Luke Glendening.
14:18 of 2nd period - Shot Misses the Net.
14:20 of 2nd period - Snap shot by Luke Glendening.
14:20 of 2nd period - Stopped by Cam Ward without a rebound.
14:21 of 2nd period - Frans Nielsen wins face-off versus Sebastian Aho in Islanders zone.
15:01 of 2nd period - Frans Nielsen is hit by Danny DeKeiser and loses puck.
15:34 of 2nd period - Snap shot by Sebastian Aho.
15:34 of 2nd period - Goal by Sebastian Aho - Islanders : 0 - Golden Knights : 1.
15:35 of 2nd period - Ryan O'Reilly wins face-off versus Melker Karlsson in neutral zone.
16:12 of 2nd period - Slapshot by Alexandre Grenier.
16:12 of 2nd period - Stopped by Cam Ward with a rebound.
16:30 of 2nd period - Slapshot by Yann Sauvé.
16:30 of 2nd period - Deflect By Emerson Etem.
16:30 of 2nd period - Stopped by Ondrej Pavelec without a rebound.
16:31 of 2nd period - Ryan Hartman wins face-off versus Ryan O'Reilly in Golden Knights zone.
16:32 of 2nd period - Snap shot by Craig Smith.
16:32 of 2nd period - Goal by Craig Smith - Islanders : 1 - Golden Knights : 1.
16:33 of 2nd period - Frans Nielsen wins face-off versus Sebastian Aho in neutral zone.
16:36 of 2nd period - Slapshot by Nikita Zadorov.
16:36 of 2nd period - Deflect By Kellan Lain.
16:36 of 2nd period - Shot Hit the Post.
16:36 of 2nd period - Puck is out of play.
16:37 of 2nd period - Sebastian Aho wins face-off versus Vladimir Tarasenko in Golden Knights zone.
16:37 of 2nd period - Sebastian Aho is hit by Kellan Lain.
16:40 of 2nd period - Minor Penalty to Alexander Radulov for Hooking.
16:41 of 2nd period - Frans Nielsen wins face-off versus Jake Guentzel in Golden Knights zone.
16:51 of 2nd period - Slapshot by Ryan Ellis.
16:51 of 2nd period - Stopped by Ondrej Pavelec with a rebound.
16:53 of 2nd period - Wrist shot by Kellan Lain.
16:53 of 2nd period - Shot Blocked by Zach Bogosian.
16:55 of 2nd period - Wrist shot by Vladimir Tarasenko.
16:55 of 2nd period - Stopped by Ondrej Pavelec with a rebound.
16:57 of 2nd period - Wrist shot by Kellan Lain.
16:57 of 2nd period - Shot Misses the Net.
18:40 of 2nd period - Penalty to Alexander Radulov is over, Alexander Radulov is back on ice.
18:50 of 2nd period - Snap shot by Ryan O'Reilly.
18:50 of 2nd period - Stopped by Cam Ward without a rebound.
18:51 of 2nd period - Ryan O'Reilly wins face-off versus Pierre-Edouard Bellemare in Islanders zone.
18:52 of 2nd period - Wrist shot by Luke Glendening.
18:52 of 2nd period - Shot Misses the Net.
18:54 of 2nd period - Snap shot by Ryan O'Reilly.
18:54 of 2nd period - Stopped by Cam Ward with a rebound.
18:56 of 2nd period - Slapshot by Jamie Oleksiak.
18:56 of 2nd period - Shot Misses the Net.
19:06 of 2nd period - Minor Penalty to Connor Murphy for Slashing.
19:07 of 2nd period - Frans Nielsen wins face-off versus Andrei Loktionov in Islanders zone.
Goals for this period are 1 for Islanders vs 1 for Golden Knights.
Shots for this period are 10 for Islanders vs 16 for Golden Knights.
3rd period
0:01 of 3rd period - Andrei Loktionov wins face-off versus Frans Nielsen in neutral zone.
0:30 of 3rd period - Snap shot by Zach Bogosian.
0:30 of 3rd period - Deflect By Andrew Cogliano.
0:30 of 3rd period - Shot Misses the Net.
0:30 of 3rd period - Puck is out of play.
0:31 of 3rd period - Jake Guentzel wins face-off versus Brock McGinn in Islanders zone.
0:32 of 3rd period - Wrist shot by Andrei Loktionov.
0:32 of 3rd period - Shot Misses the Net.
0:34 of 3rd period - Wrist shot by Andrei Loktionov.
0:34 of 3rd period - Stopped by Cam Ward without a rebound.
0:35 of 3rd period - Melker Karlsson wins face-off versus Andrei Loktionov in Islanders zone.
0:44 of 3rd period - Backhand shot by Jake Guentzel.
0:44 of 3rd period - Shot Blocked by Brock McGinn.
0:46 of 3rd period - Snap shot by Vladimir Mihalik.
0:46 of 3rd period - Shot Misses the Net.
0:48 of 3rd period - Slapshot by Vladimir Mihalik.
0:48 of 3rd period - Stopped by Cam Ward with a rebound.
0:50 of 3rd period - Snap shot by Luke Glendening.
0:50 of 3rd period - Stopped by Cam Ward with a rebound.
0:52 of 3rd period - Slapshot by Danny DeKeiser.
0:52 of 3rd period - Stopped by Cam Ward without a rebound.
0:53 of 3rd period - Frans Nielsen wins face-off versus Ryan O'Reilly in Islanders zone.
1:06 of 3rd period - Penalty to Connor Murphy is over, Connor Murphy is back on ice.
1:20 of 3rd period - Zach Bogosian is hit by Ryan Ellis and loses puck.
1:54 of 3rd period - Snap shot by Lawson Crouse.
1:54 of 3rd period - Stopped by Cam Ward without a rebound.
1:55 of 3rd period - Sebastian Aho wins face-off versus Frans Nielsen in Islanders zone.
1:58 of 3rd period - Wrist shot by Alexander Radulov.
1:58 of 3rd period - Shot Misses the Net.
2:22 of 3rd period - Ryan O'Reilly is hit by Wes O'Neill and loses puck.
2:31 of 3rd period - Snap shot by Sergei Plotnikov.
2:31 of 3rd period - Stopped by Ondrej Pavelec without a rebound.
2:32 of 3rd period - Melker Karlsson wins face-off versus Ryan O'Reilly in Golden Knights zone.
2:37 of 3rd period - Wrist shot by Brock McGinn.
2:37 of 3rd period - Stopped by Ondrej Pavelec with a rebound.
2:59 of 3rd period - Frans Nielsen is hit by Sebastian Aho and loses puck.
3:20 of 3rd period - Wrist shot by Andrew Shaw.
3:20 of 3rd period - Stopped by Ondrej Pavelec without a rebound.
3:21 of 3rd period - Pierre-Edouard Bellemare wins face-off versus Andrei Loktionov in Golden Knights zone.
3:36 of 3rd period - Snap shot by Sergei Plotnikov.
3:36 of 3rd period - Stopped by Ondrej Pavelec without a rebound.
3:37 of 3rd period - Sebastian Aho wins face-off versus Frans Nielsen in Golden Knights zone.
4:04 of 3rd period - Wes O'Neill is hit by Ryan O'Reilly and loses puck.
4:13 of 3rd period - Snap shot by Rick Nash.
4:13 of 3rd period - Deflect By Brock McGinn.
4:13 of 3rd period - Stopped by Ondrej Pavelec without a rebound.
4:14 of 3rd period - Ryan O'Reilly wins face-off versus Frans Nielsen in Golden Knights zone.
4:21 of 3rd period - Snap shot by Vladimir Tarasenko.
4:21 of 3rd period - Stopped by Ondrej Pavelec with a rebound.
4:23 of 3rd period - Slapshot by Ryan Ellis.
4:23 of 3rd period - Shot Blocked by Luke Glendening.
5:07 of 3rd period - Vladimir Mihalik is hit by Melker Karlsson and loses puck.
5:29 of 3rd period - Icing by Danny DeKeiser.
5:30 of 3rd period - Kyle Rau wins face-off versus Melker Karlsson in Golden Knights zone.
5:35 of 3rd period - Wrist shot by Lawson Crouse.
5:35 of 3rd period - Shot Misses the Net.
5:57 of 3rd period - Wrist shot by Alexander Radulov.
5:57 of 3rd period - Stopped by Cam Ward with a rebound.
5:59 of 3rd period - Snap shot by Danny DeKeiser.
5:59 of 3rd period - Shot Misses the Net.
6:01 of 3rd period - Slapshot by Danny DeKeiser.
6:01 of 3rd period - Stopped by Cam Ward without a rebound.
6:02 of 3rd period - Frans Nielsen wins face-off versus Sebastian Aho in Islanders zone.
6:51 of 3rd period - Off-side.
6:52 of 3rd period - Andrei Loktionov wins face-off versus Pierre-Edouard Bellemare in neutral zone.
7:40 of 3rd period - Wrist shot by Andrew Shaw.
7:40 of 3rd period - Deflect By Pierre-Edouard Bellemare.
7:40 of 3rd period - Stopped by Ondrej Pavelec with a rebound.
7:46 of 3rd period - Snap shot by Andrei Loktionov.
7:46 of 3rd period - Stopped by Cam Ward without a rebound.
7:47 of 3rd period - Frans Nielsen wins face-off versus Sebastian Aho in Islanders zone.
7:49 of 3rd period - Icing by Ryan Ellis.
7:50 of 3rd period - Frans Nielsen wins face-off versus Sebastian Aho in Islanders zone.
8:20 of 3rd period - Minor Penalty to Brock McGinn for Roughing.
8:21 of 3rd period - Andrei Loktionov wins face-off versus Frans Nielsen in Islanders zone.
9:15 of 3rd period - Wes O'Neill is hit by Jake Guentzel.
10:20 of 3rd period - Penalty to Brock McGinn is over, Brock McGinn is back on ice.
10:23 of 3rd period - Slapshot by Yann Sauvé.
10:23 of 3rd period - Deflect By Sergei Plotnikov.
10:23 of 3rd period - Stopped by Ondrej Pavelec with a rebound.
10:31 of 3rd period - Ryan Hartman is hit by Thomas Vanek and loses puck.
11:18 of 3rd period - Pierre-Edouard Bellemare is hit by Thomas Vanek and loses puck.
12:22 of 3rd period - Minor Penalty to Alexander Radulov for Hooking.
12:23 of 3rd period - Frans Nielsen wins face-off versus Jake Guentzel in Golden Knights zone.
12:34 of 3rd period - Slapshot by Frans Nielsen.
12:34 of 3rd period - Shot Misses the Net.
12:36 of 3rd period - Wrist shot by Frans Nielsen.
12:36 of 3rd period - Shot Misses the Net.
12:50 of 3rd period - Mathew Dumba is hit by Wes O'Neill.
13:36 of 3rd period - Kellan Lain is hit by Danny DeKeiser and loses puck.
14:22 of 3rd period - Penalty to Alexander Radulov is over, Alexander Radulov is back on ice.
14:40 of 3rd period - Pierre-Edouard Bellemare is hit by Lawson Crouse.
15:02 of 3rd period - Snap shot by Ryan O'Reilly.
15:02 of 3rd period - Stopped by Cam Ward without a rebound.
15:03 of 3rd period - Ryan O'Reilly wins face-off versus Melker Karlsson in Islanders zone.
15:04 of 3rd period - Snap shot by Andrew Cogliano.
15:04 of 3rd period - Shot Misses the Net.
15:12 of 3rd period - Danny DeKeiser is hit by Rick Nash and loses puck.
16:00 of 3rd period - Minor Penalty to Alexander Radulov for Hooking.
16:01 of 3rd period - Frans Nielsen wins face-off versus Jake Guentzel in Golden Knights zone.
16:03 of 3rd period - Snap shot by Ryan Ellis.
16:03 of 3rd period - Stopped by Ondrej Pavelec with a rebound.
16:05 of 3rd period - Slapshot by Ryan Ellis.
16:05 of 3rd period - Stopped by Ondrej Pavelec with a rebound.
16:37 of 3rd period - Wrist shot by Ryan Ellis.
16:37 of 3rd period - Stopped by Ondrej Pavelec without a rebound.
16:38 of 3rd period - Jake Guentzel wins face-off versus Frans Nielsen in Golden Knights zone.
16:47 of 3rd period - Snap shot by Frans Nielsen.
16:47 of 3rd period - Stopped by Ondrej Pavelec with a rebound.
16:49 of 3rd period - Wrist shot by Vladimir Tarasenko.
16:49 of 3rd period - Shot Blocked by Andrei Loktionov.
16:51 of 3rd period - Snap shot by Wes O'Neill.
16:51 of 3rd period - Deflect By Andrei Loktionov.
16:51 of 3rd period - Stopped by Ondrej Pavelec without a rebound.
16:52 of 3rd period - Frans Nielsen wins face-off versus Jake Guentzel in Golden Knights zone.
17:24 of 3rd period - Snap shot by Frans Nielsen.
17:24 of 3rd period - Stopped by Ondrej Pavelec without a rebound.
17:25 of 3rd period - Jake Guentzel wins face-off versus Melker Karlsson in Golden Knights zone.
18:00 of 3rd period - Penalty to Alexander Radulov is over, Alexander Radulov is back on ice.
18:42 of 3rd period - Slapshot by Zach Bogosian.
18:42 of 3rd period - Shot Blocked by Emerson Etem.
18:56 of 3rd period - Wrist shot by Sebastian Aho.
18:56 of 3rd period - Stopped by Cam Ward with a rebound.
19:13 of 3rd period - Icing by Ryan Ellis.
19:14 of 3rd period - Melker Karlsson wins face-off versus Andrei Loktionov in Islanders zone.
19:14 of 3rd period - Melker Karlsson is hit by Thomas Vanek.
19:48 of 3rd period - Olli Maatta is hit by Brock McGinn and loses puck.
Goals for this period are 0 for Islanders vs 0 for Golden Knights.
Shots for this period are 14 for Islanders vs 10 for Golden Knights.
Overtime #1
0:01 of 1st overtime period - Jake Guentzel wins face-off versus Kellan Lain in neutral zone.
0:04 of 1st overtime period - Slapshot by Zach Bogosian.
0:04 of 1st overtime period - Stopped by Cam Ward with a rebound.
0:06 of 1st overtime period - Slapshot by Mathew Dumba.
0:06 of 1st overtime period - Stopped by Cam Ward without a rebound.
0:07 of 1st overtime period - Jake Guentzel wins face-off versus Frans Nielsen in Islanders zone.
0:26 of 1st overtime period - Snap shot by Andrei Loktionov.
0:26 of 1st overtime period - Stopped by Cam Ward without a rebound.
0:27 of 1st overtime period - Jake Guentzel wins face-off versus Frans Nielsen in Islanders zone.
1:12 of 1st overtime period - Brock McGinn is hit by Andrew Cogliano and loses puck.
1:34 of 1st overtime period - Icing by Jake Guentzel.
1:35 of 1st overtime period - Thomas Vanek wins face-off versus Sergei Plotnikov in Golden Knights zone.
1:56 of 1st overtime period - Andrei Loktionov is hit by Yann Sauvé and loses puck.
3:40 of 1st overtime period - Jake Guentzel is hit by Melker Karlsson and loses puck.
3:53 of 1st overtime period - Andrew Cogliano is hit by Ryan Hartman.
3:59 of 1st overtime period - Emerson Etem is hit by Zach Bogosian and loses puck.
4:27 of 1st overtime period - Icing by Olli Maatta.
4:28 of 1st overtime period - Melker Karlsson wins face-off versus Thomas Vanek in Golden Knights zone.
Goals for this period are 0 for Islanders vs 0 for Golden Knights.
Shots for this period are 0 for Islanders vs 3 for Golden Knights.
ShootOut
5:00 of 1st overtime period - Round #1.
5:00 of 1st overtime period - Islanders, Vladimir Tarasenko.
5:00 of 1st overtime period - Wrist shot by Vladimir Tarasenko.
5:00 of 1st overtime period - Shot Misses the Net.
5:00 of 1st overtime period - Golden Knights, Jake Guentzel.
5:00 of 1st overtime period - Backhand shot by Jake Guentzel.
5:00 of 1st overtime period - Stopped by Cam Ward.
5:00 of 1st overtime period - Round #2.
5:00 of 1st overtime period - Islanders, Rick Nash.
5:00 of 1st overtime period - Deke by Rick Nash.
5:00 of 1st overtime period - Stopped by Ondrej Pavelec.
5:00 of 1st overtime period - Golden Knights, Andrei Loktionov.
5:00 of 1st overtime period - Deke by Andrei Loktionov.
5:00 of 1st overtime period - Goal by Andrei Loktionov.
5:00 of 1st overtime period - Round #3.
5:00 of 1st overtime period - Islanders, Kellan Lain.
5:00 of 1st overtime period - Deke by Kellan Lain.
5:00 of 1st overtime period - Stopped by Ondrej Pavelec.
Output by the SimonT Hockey Simulator (STHS) for Francois Prevost